 Dungeon Crawl Stone Soup version 0.31-a0-348-g810772c3d7 (webtiles) character file.

Game seed: 12234332313879189173

63 Hajna the Chopper (level 4, -3/37 HPs)
             Began as a Hill Orc Gladiator on July 23, 2023.
             Slain by Grinder (5 damage)
             ... on level 3 of the Dungeon.
             The game lasted 00:02:57 (1768 turns).

Hajna the Chopper (Hill Orc Gladiator)              Turns: 1768, Time: 00:02:58

Health: -3/37      AC:  9    Str: 18    XL:     4   Next: 10%
Magic:  4/4        EV: 13    Int:  8    God:
Gold:   184        SH:  0    Dex: 12    Spells: 3/3 levels left

rFire   . . .        a - +0 war axe
rCold   . . .        (no shield)
rNeg    . . .        l - +0 chain mail
rPois   +            c - +0 helmet
rElec   .            (no cloak)
rCorr   .            (no gloves)
SInv    .            (no boots)
Will    .....        (no amulet) Stlth
                     i - ring of poison resistance
HPRegen 0.26/turn    p - +5 ring of evasion
MPRegen 0.09/turn

%: no passive effects
@: hasted, very quick
A: no striking features
a: no special abilities


You were on level 3 of the Dungeon.
You visited 1 branch of the dungeon, and saw 3 of its levels.

You collected 184 gold pieces.

Inventory:

Hand Weapons
 a - a +0 war axe (weapon)
Missiles
 d - 3 throwing nets (quivered)
 e - a javelin
Armour
 b - a +0 leather armour
 c - a +0 helmet (worn)
 l - a +0 chain mail (worn)
Jewellery
 i - a ring of poison resistance (left hand)
 m - a ring of flight
 p - a +5 ring of evasion (right hand)
Scrolls
 f - 2 scrolls of identify {unknown}
 h - a scroll of teleportation {unknown}
 k - 2 scrolls of amnesia {unknown}
 n - a scroll of enchant weapon {unknown}
 o - a scroll of silence {unknown}
 q - a scroll of torment {unknown}
Potions
 r - a potion of heal wounds {unknown}


   Skills:
 + Level 2.6 Fighting
 + Level 5.0 Axes
 + Level 1.8 Throwing
 + Level 1.1 Armour
 + Level 3.1 Dodging
 + Level 0.1 Stealth


You had 3 spell levels left.
You didn't know any spells.
Your spell library contained the following spells:

 Spells                   Type           Power      Damage    Failure   Level
 Ensorcelled Hibernation  Hex/Ice        0%         N/A       100%        2
 Passwall                 Tmut/Erth      0%         N/A       100%        2
 Swiftness                Air            0%         N/A       100%        3


Dungeon Overview and Level Annotations

Branches:
Dungeon (3/15)

Altars:
Vehumet

Shops:
D:1 [

Annotations:
D:3 Grinder


Message History

Grinder is moderately wounded.
Grinder hits you.
You writhe in agony.
You closely miss Grinder.
Grinder is moderately wounded.
Grinder closely misses you. Grinder hits you.
You writhe in agony.
* * * LOW HITPOINT WARNING * * *
You hit Grinder but do no damage.
Grinder is moderately wounded.
Grinder zaps a wand.
The puff of flame misses you.
You barely miss Grinder.
Grinder is moderately wounded.
Grinder hits you.
* * * LOW HITPOINT WARNING * * *
You writhe in agony.
* * * LOW HITPOINT WARNING * * *
It was a potion of curing.
You feel better. Grinder hits you but does no damage.
You hit Grinder but do no damage.
Grinder is moderately wounded.
Grinder zaps a wand.
The puff of flame misses you.
You barely miss Grinder.
Grinder is moderately wounded.
Grinder hits you.
You writhe in agony.
* * * LOW HITPOINT WARNING * * *
You feel better. Grinder hits you but does no damage.
You slash Grinder!
Grinder is heavily wounded.
Grinder gestures at you.
You barely resist. Grinder gestures at you. You resist with significant effort.
You closely miss Grinder.
Grinder is heavily wounded.
Grinder gestures at you. Pain shoots through your body!
* * * LOW HITPOINT WARNING * * *
It was a potion of haste.
You feel yourself speed up. Grinder hits you.
* * * LOW HITPOINT WARNING * * *
You writhe in agony.
You die...

###############
#...†@5......<#
......###########
..... .... ###


You could see Grinder.

Vanquished Creatures
  An adder (D:2)
  3 dart slugs
  5 bats
  8 endoplasms
  A giant cockroach (D:2)
  3 goblins (D:2)
  5 hobgoblins
  A jackal (D:3)
  A quokka (D:1)
  3 ball pythons (D:2)
  8 frilled lizards
  5 kobolds
  3 rats (D:2)
47 creatures vanquished.

Vanquished Creatures (others)
  A jackal (D:3)
1 creature vanquished.

Grand Total: 48 creatures vanquished

Notes
Turn   | Place    | Note
-------+----------+-------------------------------------------
     0 | D:1      | Hajna the Hill Orc Gladiator began the quest for the Orb.
     0 | D:1      | Reached XP level 1. HP: 18/18 MP: 1/1
   221 | D:1      | Reached XP level 2. HP: 25/25 MP: 2/2
   273 | D:1      | Found Hiasipn's Antique Armour Emporium.
  1036 | D:2      | Found a radiant altar of Vehumet.
  1041 | D:2      | Reached XP level 3. HP: 30/30 MP: 3/3
  1204 | D:2      | Reached skill level 1 in Armour
  1391 | D:2      | Reached XP level 4. HP: 37/37 MP: 4/4
  1689 | D:2      | Reached skill level 5 in Axes
  1747 | D:3      | Noticed Grinder
  1768 | D:3      | Slain by Grinder

Illustrated notes

Levels and vault maps discovered:
D:1:      dpeg_arrival_circle_labyrinth_c, layout_basic, serial_shops, shop,
          hangedman_decor_clover_reticule
D:2:      layout_loops_ring, basic_altar, minmay_lizard_king
D:3:      layout_basic, serial_shops, nicolae_lakefront_shop, uniq_grinder

Skill      XL: |  1  2  3  4 |
---------------+-------------+-----
Dodging        | 3 |  3.1
Armour         | 1 |  1.1
Axes           | 5 |  5.0
Fighting       | |  2.6
Throwing       | |  1.8
Stealth        | |  0.1

Action                     |  1- 3 |  4- 6 || total
---------------------------+-------+-------++-------
  Melee: War axe           |   113 |    24 ||   137
    Use: Potion            |       |     3 ||     3
 Armour: Leather armour    |    24 |       ||    24
         Chain mail        |    31 |     6 ||    37
  Dodge: Dodged            |    72 |    16 ||    88

Table legend: (Time is in decaauts)
 A = Elapsed time spent in this place.
 B = Non-inter-level travel time spent in this place.
 C = Inter-level travel time spent in this place.
 D = Time resting spent in this place.
 E = Time spent auto-exploring this place.
 F = Levels seen in this place.
 G = Mean time per level.
                   A        B        C        D        E       F      G
               +--------+--------+--------+--------+--------+-----+--------+
         Total |   1802 |   1735 |     67 |      0 |   1386 |   3 |  600.7 |
       Dungeon |   1802 |   1735 |     67 |      0 |   1386 |   3 |  600.7 |
               +--------+--------+--------+--------+--------+-----+--------+

Top non-repeatable levels by time:
     D:1: 1029 daAuts
     D:2: 744 daAuts
     D:3: 28 daAuts
